AoeStats
← ryu

Glade

510848208Analyzed
1v1 RM · 22h ago on Oct 2, 2026· 44m 3s· 2 players
Game mode
Random Map
Map size
Tiny (2 player)
Population
200
Speed
Normal
Resources
Standard
Victory
Conquest
Starting age
Dark Age
Ending age
Imperial Age
RankedLock teamsTeams togetherTeam positionsShared explorationLock speedFull tech treeHidden civsTurbo modeCheats
Victory
Defeat
🇺🇸 Japanese · United States
1293
+14
🇱🇺 Koreans · Luxembourg
1252
-14
Roland Papier
7:10 Loom
9:28 Feudal Age
15:15 Double-Bit Axe
19:18 Fletching
25:46 Castle Age
24:15 Gold Mining
24:12 Horse Collar
27:13 Scale Barding Armor
27:03 Bodkin Arrow
35:58 Murder Holes
41:40 Imperial Age
39:19 Crossbowman
40:05 Light Cavalry
41:09 Chain Barding Armor
ryu
8:54 Feudal Age
8:55 Man-at-Arms
9:22 Double-Bit Axe
11:31 Arson
15:46 Fletching
15:47 Loom
19:39 Wheelbarrow
22:31 Castle Age
23:23 Bodkin Arrow
23:40 Bow Saw
26:25 Elite Skirmisher
30:09 Scale Mail Armor
31:47 Gold Mining
35:59 Imperial Age
34:35 Gold Shaft Mining
35:53 Ballistics
37:17 Thumb Ring
37:57 Kataparuto
38:14 Bracer
41:41 Stone Mining
Connection lost

Rejoining the realm…

Still unreachable

The connection could not be restored.

Session expired

The server has moved on; the page needs a fresh start.